 Dungeon Crawl Stone Soup version 0.20-a0-656-g9b0dcd9 (webtiles) character file.

499 Klosterheim the Conjurer (level 6, -2/32 HPs)
             Began as a Deep Elf Wizard on Feb 16, 2017.
             Was a Follower of Vehumet.
             Killed from afar by Blork the orc (7 damage)
             ... with a magic dart
             ... on level 4 of the Dungeon.
             The game lasted 00:08:35 (3946 turns).

Klosterheim the Conjurer (Deep Elf Wizard)          Turns: 3946, Time: 00:08:36

Health: -2/32      AC:  2    Str:  4    XL:     6   Next: 94%
Magic:  3/17       EV: 12    Int: 25    God:    Vehumet [*.....]
Gold:   168        SH:  1    Dex: 13    Spells: 10/18 levels left

rFire    . . .     SeeInvis .   h - +3 whip
rCold    . . .     Gourm    .   n - +0 robe (curse)
rNeg     . . .     Faith    .   m - -2 buckler (curse)
rPois    .         Spirit   .   b - +0 hat
rElec    .         Reflect  .   (no cloak)
rCorr    .         Harm     .   (no gloves)
MR       .....                  (no boots)
Stlth    ++........             (no amulet)
Regen    0.1/turn               (no ring)
MPRegen  0.2/turn               (no ring)

@: very slightly contaminated
A: no striking features
a: Renounce Religion


You were on level 4 of the Dungeon.
You worshipped Vehumet.
Vehumet was aware of your devotion.
You were not hungry.

You visited 1 branch of the dungeon, and saw 4 of its levels.

You collected 168 gold pieces.

Inventory:

Hand Weapons
 h - a +3 whip (weapon)
Armour
 a - a +0 robe
 b - a +0 hat (worn)
 m - a cursed -2 buckler (worn)
 n - a cursed +0 robe (worn)
Jewellery
 q - a +2 amulet of reflection {unknown}
Scrolls
 f - a scroll of fear {unknown}
 i - a scroll of random uselessness {unknown}
 j - 8 scrolls of identify {unknown}
 k - 2 scrolls of magic mapping {unknown}
 o - 3 scrolls of remove curse {unknown}
 p - a scroll of noise {unknown}
 s - 2 scrolls of teleportation {unknown}
 t - a scroll of recharging {unknown}
 u - a scroll of fog {unknown}
Potions
 e - a potion of flight {unknown}
 l - 4 potions of haste
 v - a potion of mutation {unknown}
 w - a potion of might {unknown}
Books
 c - a book of Minor Magic

   Spells                             Type                      Level
   a - Magic Dart                     Conjuration                  1
   b - Blink                          Translocation                2
   c - Call Imp                       Summoning                    2
   d - Slow                           Hexes                        2
   e - Conjure Flame                  Conjuration/Fire             3
   f - Mephitic Cloud                 Conjuration/Poison/Air       3
Comestibles
 d - 2 bread rations
 g - 5 fruits
 r - a meat ration
 x - 3 chunks of flesh


   Skills:
 - Level 2.5 Dodging
 - Level 2.4 Stealth
 + Level 6.6 Spellcasting
 * Level 6.8 Conjurations
 - Level 1.1 Summonings
 - Level 1.1 Translocations


You had 10 spell levels left.
You knew the following spells:

 Your Spells              Type           Power        Failure   Level  Hunger
a - Magic Dart            Conj           ####         1%          1    None
b - Blink                 Tloc           N/A          14%         2    None
c - Call Imp              Summ           ##......     14%         2    None
d - Mephitic Cloud        Conj/Pois/Air  ###.....     17%         3    None


Dungeon Overview and Level Annotations

Branches:
Dungeon (4/15)
 Temple: D:4-7

Altars:
Cheibriados
Nemelex Xobeh
Ru
Trog
Uskayaw
Vehumet
The Shining One

Annotations:
D:4 Blork the orc


Message History

* * * LOW HITPOINT WARNING * * *
Your crimson imp blinks!
Casting: Call Imp
Confirm with . or Enter, or press ? or * to list all spells.
A beastly little devil appears in a puff of flame.
Blork the orc barely misses you. Blork the orc misses your crimson imp.
You swap places.
Blork the orc misses your crimson imp.
Blork the orc closely misses your crimson imp.
Your crimson imp blinks!
Your crimson imp hits Blork the orc but does no damage. x2
There is a stone staircase leading down here.
Blork the orc hits your crimson imp with a battleaxe of freezing.
Blork the orc freezes your crimson imp.
Blork the orc barely misses your crimson imp.
Your crimson imp blinks!
Your crimson imp barely misses Blork the orc.
Your crimson imp hits Blork the orc but does no damage.
Blork the orc gestures at you while chanting.
The magic dart hits you!
You die...

#...#.....'.....####
#...+....##.....##..
#...##...######+##..
#...##...##......+..
#...#............#..
#...+...........##..
#...##...##.....##..
#...#######.....##..
#..@.#..............
#....#..............
#....#..............
#..>.#..............
#..o5#..............
#....#..............
#..5.#..............
#....#..............
#....#..............


You could see Blork the orc and 2 friendly crimson imps.

Vanquished Creatures
  An ogre (D:4)
  A big kobold (D:4)
  A howler monkey (D:4)
  A hound (D:4)
  2 centaur skeletons (D:4)
  A worker ant (D:3)
  9 adders
  An ooze (D:1)
  A worm (D:2)
  3 dart slugs
  3 leopard geckos
  An orc (D:3)
  4 giant cockroaches
  11 goblins
  8 hobgoblins
  7 jackals
  17 kobolds
  4 quokkas
  A ball python (D:3)
  6 bats
  5 frilled lizards
  A quokka skeleton (D:4)
  6 rats
95 creatures vanquished.

Vanquished Creatures (collateral kills)
  The ghost of Chiseanne the Nimble, an amateur SpGl (D:4)
  A worm (D:3)
2 creatures vanquished.

Grand Total: 97 creatures vanquished

Notes
Turn   | Place    | Note
-------+----------+-------------------------------------------
     0 | D:1      | Klosterheim the Deep Elf Wizard began the quest for the Orb.
     0 | D:1      | Reached XP level 1. HP: 10/10 MP: 7/7
   150 | D:1      | Reached skill level 5 in Spellcasting
   348 | D:1      | Reached XP level 2. HP: 15/15 MP: 5/10
   976 | D:1      | Reached XP level 3. HP: 19/19 MP: 3/11
  1278 | D:2      | Found a bloodstained altar of Trog.
  1339 | D:2      | Found a radiant altar of Vehumet.
  1342 | D:2      | Found a snail-covered altar of Cheibriados.
  1356 | D:2      | Found a hide-covered altar of Uskayaw.
  1362 | D:2      | Became a worshipper of Vehumet
  1393 | D:2      | Reached XP level 4. HP: 24/24 MP: 9/13
  1427 | D:2      | Learned a level 2 spell: Blink
  1430 | D:2      | Learned a level 2 spell: Call Imp
  1434 | D:2      | Learned a level 3 spell: Mephitic Cloud
  2034 | D:3      | Reached * piety under Vehumet
  2034 | D:3      | Offered knowledge of Sting by Vehumet.
  2312 | D:3      | Found a sacrificial altar of Ru.
  2420 | D:3      | Reached skill level 5 in Conjurations
  2420 | D:3      | Reached XP level 5. HP: 24/28 MP: 9/14
  2915 | D:4      | Found a sparkling altar of Nemelex Xobeh.
  3073 | D:4      | Noticed Chiseanne's ghost (amateur SpGl)
  3083 | D:4      | Killed Chiseanne's ghost
  3175 | D:4      | Reached XP level 6. HP: 17/32 MP: 1/17
  3844 | D:4      | Found a glowing golden altar of the Shining One.
  3929 | D:4      | Noticed Blork the orc
  3946 | D:4      | Killed from afar by Blork the orc

Vault maps used:
D:1:      lemuel_arrival_muddy, minmay_distorted
D:2:      grunt_temple_overflow_cloverleaf, minmay_pentomino_u4
D:3:      lemuel_crystal_altar
D:4:      cheibrodos_thug_alley, nemelex_xobeh_ov_fountains_minmay, tso_altar,
          first_bread, hangedman_abyss_or_decor_slice, uniq_blork_the_orc

Skill      XL: |  1  2  3  4  5 |
---------------+----------------+-----
Spellcasting   | 5 6 |  6.6
Conjurations   | 2 3 5 6 |  6.8
Dodging        | |  2.5
Stealth        | |  2.4
Summonings     | |  1.1
Translocations | |  1.1

Action                   |  1- 3 |  4- 6 || total
-------------------------+-------+-------++-------
Melee: Unarmed           |     7 |       ||     7
       Whip              |     2 |       ||     2
 Cast: Magic Dart        |    78 |   135 ||   213
       Call Imp          |       |    13 ||    13
  Eat: Chunk             |     1 |     8 ||     9
Armor: Robe              |     6 |     4 ||    10
Dodge: Dodged            |    23 |    14 ||    37
Block: Buckler           |       |     1 ||     1
